 Dungeon Crawl Stone Soup version 0.31.0-11-ge490571c62 (webtiles) character file.

Game seed: 571906740031006178

3558 Marvel the Basher (level 9, -1/76 (89) HPs)
             Began as a Troll Berserker on Feb 7, 2024.
             Was an Elder of Trog.
             Killed from afar by a steam dragon (34 damage)
             ... with a ball of steam
             ... on level 8 of the Dungeon.
             The game lasted 00:16:53 (6329 turns).

Marvel the Basher (Troll Berserker)                 Turns: 6329, Time: 00:16:54

HP:   -1/76 (89)    AC: 12    Str: 31    XL:     9   Next: 83%
MP:   8/8           EV: 14    Int:  3    God:    Trog [****..]
Gold: 360           SH:  0    Dex:  9    Spells: 8/8 levels left

rFire   x . .        a - +0 mace
rCold   + + .        (no shield)
rNeg    . . .        A - +0 ice dragon scales
rPois   +            (helmet restricted)
rElec   .            (no cloak)
rCorr   .            (gloves unavailable)
SInv    .            (boots unavailable)
Will    .....        m - amulet of regeneration Stlth
                     t - ring of poison resistance
HPRegen 1.92/turn    w - +5 ring of evasion
MPRegen 0.11/turn

%: no passive effects
@: heavily drained
A: large, unfitting armour, claws 3, regeneration 1, shaggy fur 1, tough skin 1
a: Renounce Religion, Berserk, Trog's Hand, Brothers in Arms


You were on level 8 of the Dungeon.
You worshipped Trog.
Trog was greatly pleased with you.
You visited 1 branch of the dungeon, and saw 8 of its levels.
You visited the Abyss 1 time.
You also visited: Sewer.

You collected 384 gold pieces.
You spent 24 gold pieces at shops.

Inventory:

Hand Weapons
 a - a +0 mace (weapon)
 y - a +0 giant spiked club
Missiles
 u - 18 poisoned darts (quivered)
 I - 6 boomerangs
 J - 7 throwing nets
Armour
 b - a +0 animal skin
 A - +0 ice dragon scales (worn)
Jewellery
 l - an amulet of the acrobat
 m - an amulet of regeneration (around neck)
 t - a ring of poison resistance (left claw)
 w - a +5 ring of evasion (right claw)
 F - a ring of willpower
Wands
 r - a wand of digging (4)
 B - a wand of flame (39)
 H - a wand of charming (8)
Scrolls
 c - 3 scrolls of vulnerability {unknown}
 d - 3 scrolls of butterflies {unknown}
 e - 2 scrolls of blinking
 f - 5 scrolls of amnesia {unknown}
 g - 5 scrolls of fog {unknown}
 n - a scroll of enchant armour {unknown}
 p - 5 scrolls of identify
 s - a scroll of immolation {unknown}
 v - a scroll of poison {unknown}
 E - a scroll of teleportation
 G - a scroll of noise {unknown}
Potions
 h - a potion of cancellation {unknown}
 i - a potion of enlightenment {unknown}
 j - 2 potions of mutation {unknown}
 k - 3 potions of haste {unknown}
 o - 2 potions of heal wounds {unknown}
 q - a potion of invisibility {unknown}
 x - 3 potions of might {unknown}
 z - 5 potions of curing {unknown}
 C - a potion of attraction {unknown}
 D - a potion of ambrosia


   Skills:
 + Level 6.1 Fighting
 + Level 8.6 Maces & Flails
 + Level 0.3 Throwing
 + Level 3.9 Armour
 + Level 6.2 Dodging
 + Level 0.6 Stealth


You had 8 spell levels left.
You didn't know any spells.
Your spell library was empty.

Dungeon Overview and Level Annotations

Branches:
Dungeon (8/15)             Temple (0/1) D:5           Sewer (visited)
   Lair: D:8-11

Altars:
Ashenzari
Hepliaklqana
Xom
The Shining One

Shops:
D:3 :?

Portals:
Abyss: D:3

Annotations:
D:3 1 transporter


Innate Abilities, Weirdness & Mutations

You are too large for most types of armour.
You have claws for hands.
Your natural rate of healing is unusually fast.
You are covered in fur. (AC +1)
You have tough skin. (AC +1)


Message History

The steam dragon misses you. The steam dragon closely misses you.
The bullfrog hits you.
You closely miss the steam dragon.
The steam dragon is severely wounded.
You are engulfed in a cloud of scalding steam.
The bullfrog closely misses you. The steam dragon bites you.
The steam dragon claws you but does no damage.
You closely miss the steam dragon.
The steam dragon is severely wounded.
You are engulfed in a cloud of scalding steam.
The bullfrog barely misses you.
The steam dragon bites you but does no damage.
The steam dragon completely misses you. The bullfrog hits you.
You closely miss the steam dragon.
The steam dragon is severely wounded.
The steam dragon closely misses you. The steam dragon claws you.
The bullfrog barely misses you.
You hit the steam dragon.
The steam dragon is almost dead.
The bullfrog closely misses you. The steam dragon breathes steam at you.
The ball of steam hits you! The steam scalds you terribly!
The bullfrog hits you.
You barely miss the steam dragon.
The steam dragon is almost dead.
You are engulfed in a cloud of scalding steam.
The steam dragon barely misses you. The steam dragon closely misses you.
The bullfrog is engulfed in a cloud of scalding steam.
The bullfrog hits you but does no damage.
You closely miss the steam dragon.
The steam dragon is almost dead.
The bullfrog is engulfed in a cloud of scalding steam.
The bullfrog hits you but does no damage.
The steam dragon bites you. The steam dragon misses you.
You hit the steam dragon but do no damage.
The steam dragon is almost dead.
The bullfrog hits you but does no damage.
The steam dragon breathes steam at you. The ball of steam hits you!!
The steam scalds you terribly!
You die...

#........#
#........#
#........#
####........#####
.................
..............$..
...........§....$
.......<...§.....
....§.§..@D......
#+##....F##+##+##
#.....# +$....#
#.....# .......#
........#
........#


You could see a steam dragon (catching breath) and a bullfrog.

Vanquished Creatures
  The ghost of CapUranus the Cudgeller, a novice GrFi of Gozag (D:5)
  A hellwing (Abyss:1)
  A sky beast (D:7)
  3 black bears
  2 ogres
  A wolf (D:7)
  The ghost of Valeaz the Gusty, an amateur GnAE (D:3)
  A phantom (D:4)
  2 kobold brigands
  3 bullfrogs
  4 gnoll sergeants
  3 scorpions
  A wyvern skeleton (D:5)
  A howler monkey (D:5)
  An electric eel (D:7)
  2 bombardier beetles (D:5)
  A crimson imp (D:3)
  A quasit (D:3)
  A centaur zombie (D:5)
  7 hounds
  An iron imp (D:3)
  2 jellies
  An orc priest (D:6)
  2 gnoll boudas (D:7)
  7 orc wizards
  7 iguanas
  27 gnolls
  2 river rats (D:3)
  8 adders
  A white imp (D:5)
  10 dart slugs
  2 ribbon worms
  20 orcs
  15 ball pythons
  17 endoplasms
  6 giant cockroaches
  10 goblins
  9 hobgoblins
  4 jackals (D:7)
  13 kobolds
  3 quokkas
  6 bats
  9 frilled lizards
  5 rats
225 creatures vanquished.

Vanquished Creatures (collateral kills)
  A kobold (D:7)
1 creature vanquished.

Vanquished Creatures (others)
  A sleepcap (D:7)
1 creature vanquished.

Grand Total: 227 creatures vanquished

Notes
Turn   | Place    | Note
-------+----------+-------------------------------------------
     0 | D:1      | Marvel the Troll Berserker began the quest for the Orb.
     0 | D:1      | Reached XP level 1. HP: 22/22 MP: 0/0
   152 | D:1      | Reached XP level 2. HP: 29/29 MP: 1/1
   179 | D:1      | Reached skill level 3 in Maces & Flails
   696 | D:2      | Reached XP level 3. HP: 36/36 MP: 2/2
   953 | D:2      | Reached ** piety under Trog
  1377 | D:2      | Reached XP level 4. HP: 45/45 MP: 3/3
  1632 | D:3      | Noticed Valeaz's ghost (amateur GnAE)
  1732 | D:3      | Found Qeiggaeck's Magic Scroll Shop.
  1735 | D:3      | Bought a scroll of identify for 24 gold pieces
  1758 | D:3      | Found a transporter.
  1758 | D:3      | Found a one-way gate to the infinite horrors of the Abyss.
  1780 | D:3      | Found a transporter.
  1808 | D:3      | Found a glowing drain.
  1843 | Sewer    | Entered a sewer
  1951 | Sewer    | Reached XP level 5. HP: 53/53 MP: 4/4
  1992 | Sewer    | Reached *** piety under Trog
  2059 | Sewer    | Reached skill level 4 in Maces & Flails
  2106 | Sewer    | Reached XP level 6. HP: 45/61 MP: 5/5
  2163 | D:3      | Found Deqeum's Book Shop.
  2163 | D:3      | Noticed a walking earthen tome
  2165 | D:3      | Noticed a walking frostbound tome
  2230 | D:3      | Found a glowing golden altar of the Shining One.
  2231 | D:3      | Found a broken altar of Ashenzari.
  2505 | D:3      | Killed Valeaz's ghost
  2513 | D:3      | Reached skill level 5 in Maces & Flails
  2546 | Abyss:1  | Cast into level 1 of the Abyss (kobold)
  2606 | Abyss:1  | Noticed a hellwing
  2626 | Abyss:1  | Killed a hellwing
  2627 | Abyss:1  | Reached XP level 7. HP: 28/70 MP: 6/6
  2629 | D:3      | Escaped the Abyss
  2854 | D:4      | Reached skill level 6 in Maces & Flails
  3035 | D:4      | Reached skill level 5 in Dodging
  3035 | D:4      | Reached XP level 8. HP: 79/79 MP: 7/7
  3179 | D:4      | Reached **** piety under Trog
  3408 | D:5      | Entered Level 5 of the Dungeon
  3752 | D:5      | Found a transporter.
  3756 | D:5      | Noticed CapUranus's ghost (novice GrFi)
  3796 | D:5      | Found a staircase to the Ecumenical Temple.
  3913 | D:5      | Reached skill level 5 in Fighting
  3998 | D:5      | Reached skill level 7 in Maces & Flails
  4216 | D:5      | Found a transporter.
  4411 | D:5      | Killed CapUranus's ghost
  4412 | D:5      | Reached skill level 1 in Armour
  4416 | D:5      | Reached XP level 9. HP: 72/88 MP: 8/8
  5342 | D:7      | Reached skill level 8 in Maces & Flails
  5370 | D:7      | Reached ***** piety under Trog
  5460 | D:7      | Found a hazy altar of Hepliaklqana.
  5461 | D:7      | Found a shimmering altar of Xom.
  5461 | D:7      | Noticed a red ugly thing
  5462 | D:7      | Noticed a spectral ugly thing
  5462 | D:7      | Noticed a brown ugly thing
  5462 | D:7      | Noticed a purple ugly thing
  6329 | D:8      | Killed from afar by a steam dragon

Illustrated notes

Levels and vault maps discovered:
D:1:      lightli_arrival_chessboard, layout_loops_ring
D:2:      minmay_skewed_foursquare, layout_basic, minmay_joined_circles
D:3:      layout_rooms, mainiacjoe_overflow_divided_tiny, serial_shops,
          nicolae_shop_mannequins, nicolae_shop_real_fake_doors,
          cheibrodos_sewer_entry_sluice, gammafunk_ghost_abyssal_escape
D:4:      layout_basic
D:5:      layout_loops_ring, minmay_temple_entry_ruins,
          gammafunk_ghost_mausoleum, amcnicky_mini_pool_medium
D:6:      layout_loops_cross, blue_anna_alchemist
D:7:      layout_cave_pools, regret_index_temple_of_mockery, serial_gnoll_camp,
          gnoll_camp_mini_sergeant, gnoll_camp_mini_loothouse,
          gnoll_camp_mini_hut, gnoll_camp_huts_moat
D:8:      layout_gridville, hellmonk_lair_entry_icy, minivault_14

Skill      XL: |  1  2  3  4  5  6  7  8  9 |
---------------+----------------------------+-----
Maces & Flails | 3 4 5 6 7 8 |  8.6
Fighting       | 3 4 5 6 |  6.1
Dodging        | 3 4 5 6 |  6.2
Armour         | 1 3 |  3.9
Throwing       | |  0.3
Stealth        | |  0.6

Action                     |  1- 3 |  4- 6 |  7- 9 || total
---------------------------+-------+-------+-------++-------
  Melee: Mace              |   137 |   222 |   643 ||  1002
         Punch             |     1 |     1 |     9 ||    11
  Throw: Dart              |       |       |     7 ||     7
 Invoke: Berserk           |       |     4 |     6 ||    10
  Evoke: Wand              |       |       |     3 ||     3
    Use: Scroll            |       |       |     2 ||     2
 Armour: Animal skin       |    95 |   212 |   166 ||   473
         Ice dragon scales |       |       |   420 ||   420
  Dodge: Dodged            |    94 |   190 |   634 ||   918
